[ PARTIDA AOE2 · #477912346 ]
UnrankedBizantinos vs Wei
Equipo del jugador · VICT
Equipo rival · DERR
[ ANÁLISIS DE REPETICIÓN · EXTRAÍDO DE LA PARTIDA GRABADA ]
Feudal
9:16
Castillos
22:18
Imperial
—
| APM promedio | 44.3 |
| APM pico | 98 |
| eAPM promedio | 17.1 |
| Aldeanos / militares | 91 / 88 |
Foco
⚔️ 35.4% · 🌾 64.6%
Archer ×65 · Knight ×13 · Skirmisher ×5 · Militia ×3 · Cataphract ×2
Feudal
8:53
Castillos
25:19
Imperial
—
| APM promedio | 51.9 |
| APM pico | 106 |
| eAPM promedio | 23.9 |
| Aldeanos / militares | 92 / 31 |
Foco
⚔️ 31.7% · 🌾 68.3%
Unknown (1944) ×20 · Skirmisher ×14 · Unknown (1952) ×8 · Archer ×6 · Monk ×3 · Mangonel ×3
Mapa de la partida
Recursos iniciales + cada clic de construcción. Líneas = muros · curvas = relieve. ◆ oro · ⬟ piedra · ● bayas · ✦ reliquia · ◌ hueco del cierre
Tu base· ✓ Cerrada en 22:18 · 67t muro · 1 puerta(s)
Base de The Messiah· ✓ Cerrada en 25:19 · 45t muro · 2 puerta(s)
Terreno inicial suavizado · ◌ = hueco del cierre detectado · pasá el cursor para detalles
Inputs por minuto
— S3cc0 - - The Messiah
Build order — S3cc0
Primeras 150 de 251 acciones detectadas
| 0:00 | Crear | Villager (Male) |
| 0:01 | Crear | Villager (Male) |
| 0:02 | Construir | House |
| 0:03 | Construir | House |
| 0:12 | Crear | Villager (Male) |
| 0:12 | Crear | Villager (Male) |
| 0:12 | Crear | Villager (Male) |
| 1:33 | Crear | Villager (Male) |
| 1:53 | Construir | Lumber Camp |
| 1:54 | Crear | Villager (Male) |
| 1:54 | Crear | Villager (Male) |
| 2:24 | Crear | Villager (Male) |
| 2:24 | Crear | Villager (Male) |
| 2:45 | Crear | Villager (Male) |
| 2:45 | Crear | Villager (Male) |
| 3:09 | Crear | Villager (Male) |
| 3:28 | Construir | House |
| 3:31 | Construir | House |
| 3:37 | Crear | Villager (Male) |
| 3:38 | Crear | Villager (Male) |
| 3:38 | Crear | Villager (Male) |
| 4:30 | Crear | Villager (Male) |
| 4:30 | Crear | Villager (Male) |
| 4:49 | Construir | Mill |
| 5:07 | Crear | Villager (Male) |
| 5:07 | Crear | Villager (Male) |
| 5:29 | Crear | Villager (Male) |
| 5:29 | Crear | Villager (Male) |
| 5:35 | Investigar | Loom |
| 7:06 | Investigar | Feudal Age |
| 7:06 | Investigar | Feudal Age |
| 7:10 | Construir | Barracks |
| 8:02 | Construir | House |
| 8:03 | Crear | Militia |
| 8:03 | Crear | Militia |
| 8:09 | Construir | Mining Camp |
| 8:36 | Construir | House |
| 8:53 | Crear | Villager (Male) |
| 8:54 | Crear | Militia |
| 9:03 | Crear | Villager (Male) |
| 9:16 | Edad | Edad Feudal |
| 9:30 | Investigar | Man-at-Arms (upgrade) |
| 9:32 | Crear | Villager (Male) |
| 9:56 | Construir | Palisade Wall |
| 9:59 | Construir | Palisade Wall |
| 10:06 | Crear | Villager (Male) |
| 10:06 | Crear | Villager (Male) |
| 10:28 | Construir | Archery Range |
| 10:34 | Crear | Villager (Male) |
| 10:34 | Crear | Villager (Male) |
| 11:18 | Crear | Villager (Male) |
| 11:25 | Crear | Villager (Male) |
| 11:33 | Construir | House |
| 11:50 | Crear | Archer |
| 11:50 | Crear | Archer |
| 11:55 | Construir | Blacksmith |
| 12:00 | Investigar | Double-Bit Axe |
| 12:01 | Investigar | Double-Bit Axe |
| 12:16 | Crear | Villager (Male) |
| 12:38 | Crear | Villager (Male) |
| 12:38 | Crear | Villager (Male) |
| 12:44 | Construir | Farm |
| 12:46 | Crear | Archer |
| 12:52 | Construir | House |
| 12:57 | Construir | Palisade Wall |
| 13:04 | Construir | Palisade Wall |
| 13:11 | Crear | Villager (Male) |
| 13:13 | Crear | Archer |
| 13:33 | Crear | Villager (Male) |
| 13:37 | Construir | Farm |
| 13:42 | Construir | Farm |
| 13:47 | Construir | Farm |
| 13:49 | Construir | Farm |
| 13:54 | Construir | House |
| 13:59 | Construir | Palisade Wall |
| 14:05 | Crear | Villager (Male) |
| 14:06 | Crear | Archer |
| 14:06 | Crear | Archer |
| 14:07 | Crear | Villager (Male) |
| 14:19 | Investigar | Fletching |
| 14:20 | Crear | Archer |
| 14:21 | Crear | Archer |
| 14:50 | Crear | Villager (Male) |
| 14:50 | Crear | Villager (Male) |
| 14:51 | Crear | Archer |
| 15:08 | Crear | Skirmisher |
| 16:03 | Crear | Villager (Male) |
| 16:03 | Crear | Villager (Male) |
| 16:05 | Construir | Farm |
| 16:06 | Construir | Farm |
| 16:10 | Construir | Farm |
| 16:13 | Construir | Farm |
| 16:17 | Crear | Villager (Male) |
| 16:19 | Crear | Skirmisher |
| 16:19 | Crear | Skirmisher |
| 16:43 | Crear | Villager (Male) |
| 16:45 | Crear | Skirmisher |
| 16:54 | Construir | Farm |
| 16:55 | Construir | Farm |
| 16:57 | Crear | Villager (Male) |
| 16:58 | Crear | Archer |
| 17:13 | Construir | Farm |
| 17:16 | Construir | Farm |
| 17:35 | Construir | House |
| 17:36 | Construir | House |
| 17:37 | Construir | House |
| 18:13 | Crear | Villager (Male) |
| 18:13 | Crear | Villager (Male) |
| 18:14 | Crear | Archer |
| 18:15 | Crear | Archer |
| 18:17 | Construir | Farm |
| 18:24 | Construir | Farm |
| 18:27 | Construir | Farm |
| 18:29 | Construir | Farm |
| 19:09 | Crear | Villager (Male) |
| 19:25 | Construir | Market |
| 19:28 | Construir | House |
| 19:29 | Construir | House |
| 19:32 | Construir | House |
| 19:33 | Construir | House |
| 19:38 | Investigar | Castle Age |
| 19:38 | Investigar | Castle Age |
| 20:25 | Construir | Archery Range |
| 20:26 | Crear | Archer |
| 20:26 | Crear | Archer |
| 20:36 | Investigar | Padded Archer Armor |
| 21:00 | Investigar | Wheelbarrow |
| 21:01 | Investigar | Gold Mining |
| 21:01 | Investigar | Gold Mining |
| 21:13 | Construir | Stable |
| 21:24 | Construir | Mining Camp |
| 21:39 | Construir | Palisade Gate |
| 22:02 | Investigar | Horse Collar |
| 22:07 | Construir | House |
| 22:13 | Investigar | Scale Barding Armor |
| 22:18 | Edad | Edad de los Castillos |
| 22:19 | Investigar | Bodkin Arrow |
| 22:20 | Investigar | Crossbowman (upgrade) |
| 22:23 | Crear | Archer |
| 22:23 | Crear | Archer |
| 22:48 | Crear | Archer |
| 22:53 | Investigar | Scale Barding Armor |
| 22:54 | Crear | Knight |
| 22:58 | Crear | Archer |
| 23:08 | Construir | Farm |
| 23:10 | Crear | Knight |
| 23:11 | Crear | Villager (Male) |
| 23:11 | Crear | Villager (Male) |
| 23:12 | Crear | Villager (Male) |
| 23:13 | Crear | Villager (Male) |
Build order — The Messiah
Primeras 150 de 267 acciones detectadas
| 0:01 | Crear | Villager (Male) |
| 0:01 | Crear | Villager (Male) |
| 0:01 | Crear | Villager (Male) |
| 0:02 | Construir | House |
| 0:03 | Construir | House |
| 0:09 | Crear | Villager (Male) |
| 0:09 | Crear | Villager (Male) |
| 1:43 | Crear | Villager (Male) |
| 1:43 | Crear | Villager (Male) |
| 1:43 | Crear | Villager (Male) |
| 1:48 | Crear | Villager (Male) |
| 2:24 | Crear | Villager (Male) |
| 2:24 | Crear | Villager (Male) |
| 2:38 | Construir | House |
| 2:40 | Construir | Lumber Camp |
| 2:48 | Crear | Villager (Male) |
| 2:48 | Crear | Villager (Male) |
| 3:00 | Crear | Villager (Male) |
| 3:01 | Crear | Villager (Male) |
| 3:22 | Crear | Villager (Male) |
| 3:23 | Crear | Villager (Male) |
| 3:37 | Crear | Villager (Male) |
| 3:37 | Crear | Villager (Male) |
| 4:28 | Crear | Villager (Male) |
| 4:29 | Crear | Villager (Male) |
| 4:55 | Crear | Villager (Male) |
| 4:56 | Crear | Villager (Male) |
| 5:12 | Crear | Villager (Male) |
| 5:12 | Crear | Villager (Male) |
| 5:31 | Construir | Mill |
| 6:06 | Investigar | Loom |
| 6:41 | Investigar | Feudal Age |
| 7:31 | Construir | House |
| 7:32 | Construir | House |
| 8:07 | Crear | Villager (Male) |
| 8:17 | Construir | Barracks |
| 8:53 | Edad | Edad Feudal |
| 8:53 | Investigar | Double-Bit Axe |
| 8:54 | Investigar | Double-Bit Axe |
| 8:57 | Crear | Villager (Male) |
| 9:10 | Construir | Palisade Wall |
| 9:13 | Construir | Palisade Wall |
| 9:15 | Construir | Palisade Wall |
| 9:40 | Crear | Villager (Male) |
| 9:40 | Crear | Villager (Male) |
| 9:43 | Construir | House |
| 9:46 | Construir | Palisade Wall |
| 9:56 | Crear | Villager (Male) |
| 10:02 | Construir | Palisade Wall |
| 10:06 | Construir | Palisade Wall |
| 10:14 | Construir | Palisade Wall |
| 10:16 | Construir | Palisade Wall |
| 10:20 | Construir | Palisade Wall |
| 10:33 | Construir | Palisade Gate |
| 10:39 | Crear | Villager (Male) |
| 10:57 | Construir | House |
| 10:59 | Construir | Palisade Wall |
| 11:12 | Investigar | Man-at-Arms (upgrade) |
| 11:13 | Crear | Militia |
| 11:16 | Construir | Mining Camp |
| 11:23 | Crear | Villager (Male) |
| 11:24 | Crear | Villager (Male) |
| 11:27 | Construir | House |
| 11:28 | Construir | House |
| 11:29 | Construir | House |
| 11:33 | Crear | Villager (Male) |
| 11:50 | Construir | House |
| 11:59 | Construir | House |
| 12:07 | Construir | Palisade Wall |
| 12:13 | Construir | Palisade Wall |
| 12:23 | Construir | Archery Range |
| 12:30 | Crear | Villager (Male) |
| 12:44 | Crear | Archer |
| 12:45 | Crear | Archer |
| 12:46 | Crear | Archer |
| 13:02 | Crear | Villager (Male) |
| 13:13 | Crear | Skirmisher |
| 13:42 | Construir | Farm |
| 13:43 | Construir | Farm |
| 13:44 | Crear | Villager (Male) |
| 13:44 | Crear | Villager (Male) |
| 13:55 | Crear | Villager (Male) |
| 14:15 | Construir | Blacksmith |
| 14:18 | Crear | Villager (Male) |
| 14:59 | Construir | Farm |
| 15:01 | Construir | Farm |
| 15:03 | Construir | Farm |
| 15:11 | Investigar | Fletching |
| 15:19 | Crear | Skirmisher |
| 15:19 | Crear | Skirmisher |
| 15:20 | Crear | Villager (Male) |
| 15:22 | Investigar | Wheelbarrow |
| 15:24 | Construir | Farm |
| 15:27 | Construir | Farm |
| 15:37 | Construir | Farm |
| 15:56 | Crear | Skirmisher |
| 15:57 | Crear | Villager (Male) |
| 15:58 | Crear | Skirmisher |
| 16:05 | Construir | Farm |
| 16:07 | Crear | Villager (Male) |
| 16:23 | Crear | Skirmisher |
| 16:32 | Crear | Skirmisher |
| 16:40 | Construir | Farm |
| 16:42 | Construir | Farm |
| 16:43 | Crear | Villager (Male) |
| 16:45 | Crear | Skirmisher |
| 16:47 | Crear | Skirmisher |
| 17:03 | Construir | Farm |
| 17:16 | Crear | Archer |
| 17:26 | Construir | Farm |
| 17:29 | Construir | Farm |
| 17:57 | Construir | Stable |
| 17:58 | Construir | House |
| 17:59 | Construir | House |
| 18:00 | Construir | House |
| 18:04 | Crear | Villager (Male) |
| 18:25 | Crear | Villager (Male) |
| 18:33 | Crear | Skirmisher |
| 18:33 | Crear | Archer |
| 18:34 | Crear | Villager (Male) |
| 18:39 | Construir | Farm |
| 19:06 | Construir | Palisade Gate |
| 19:16 | Construir | Farm |
| 19:22 | Crear | Villager (Male) |
| 19:24 | Construir | House |
| 19:25 | Construir | House |
| 19:26 | Construir | House |
| 19:34 | Crear | Scout Cavalry |
| 19:37 | Construir | Farm |
| 19:44 | Construir | House |
| 19:50 | Construir | House |
| 19:54 | Construir | House |
| 20:02 | Construir | House |
| 20:08 | Crear | Skirmisher |
| 20:08 | Crear | Skirmisher |
| 20:09 | Crear | Villager (Male) |
| 20:09 | Crear | Scout Cavalry |
| 20:10 | Crear | Scout Cavalry |
| 20:17 | Crear | Skirmisher |
| 20:18 | Crear | Skirmisher |
| 20:18 | Crear | Villager (Male) |
| 20:19 | Crear | Archer |
| 20:23 | Crear | Villager (Male) |
| 20:42 | Crear | Villager (Male) |
| 20:47 | Construir | Market |
| 21:14 | Construir | House |
| 21:22 | Investigar | Horse Collar |
| 21:23 | Crear | Villager (Male) |
| 21:38 | Construir | Stable |
| 21:58 | Crear | Villager (Male) |
Cronología de la partida
| 7:10 | S3cc0 · first_building Barracks |
| 8:17 | The Messiah · first_building Barracks |
| 8:53 | The Messiah · age_up feudal |
| 9:10 | The Messiah · wall_segment Palisade Wall x1 |
| 9:13 | The Messiah · wall_segment Palisade Wall x7 |
| 9:15 | The Messiah · wall_segment Palisade Wall x8 |
| 9:16 | S3cc0 · age_up feudal |
| 9:46 | The Messiah · wall_segment Palisade Wall x3 |
| 9:56 | S3cc0 · wall_segment Palisade Wall x1 |
| 9:59 | S3cc0 · wall_segment Palisade Wall x1 |
| 10:02 | The Messiah · wall_segment Palisade Wall x1 |
| 10:06 | The Messiah · wall_segment Palisade Wall x11 |
| 10:14 | The Messiah · wall_segment Palisade Wall x3 |
| 10:16 | The Messiah · wall_segment Palisade Wall x2 |
| 10:20 | The Messiah · wall_segment Palisade Wall x7 |
| 10:28 | S3cc0 · first_building Archery Range |
| 10:59 | The Messiah · wall_segment Palisade Wall x1 |
| 12:07 | The Messiah · wall_segment Palisade Wall x1 |
| 12:13 | The Messiah · wall_segment Palisade Wall x1 |
| 12:23 | The Messiah · first_building Archery Range |
| 12:57 | S3cc0 · wall_segment Palisade Wall x15 |
| 13:04 | S3cc0 · wall_segment Palisade Wall x18 |
| 13:59 | S3cc0 · wall_segment Palisade Wall x32 |
| 17:57 | The Messiah · first_building Stable |
| 21:13 | S3cc0 · first_building Stable |
| 22:18 | S3cc0 · age_up castle |
| 22:33 | The Messiah · first_market_buy 100 food |
| 24:36 | S3cc0 · first_building Monastery |
| 24:43 | The Messiah · wall_segment Stone Wall x1 |
| 25:19 | The Messiah · age_up castle |
| 26:57 | The Messiah · first_building Siege Workshop |
| 27:28 | The Messiah · first_market_sell 100 food |
| 30:11 | The Messiah · first_building Monastery |
| 30:27 | S3cc0 · first_building Castle |
| 35:12 | The Messiah · first_building Castle |
| 36:13 | The Messiah · resign |
[ ANÁLISIS IA · 1 CRÉDITO ]
¿Qué pasó realmente en esta partida?
Wolo.gg analiza cada decisión: build order, eco, micro, errores típicos por bracket. Análisis personalizado por WhatsApp o Discord en 30 segundos.
Guía civ
Bizantinos
Perfil
Jugador #1186424